 Dungeon Crawl Stone Soup version 0.20.1-1-g8b1a95d (webtiles) character file.

107 vishdafish the Skirmisher (level 4, -2/36 HPs)
             Began as a Demonspawn Fighter on July 3, 2017.
             Slain by a gnoll (6 damage)
             ... on level 2 of the Dungeon.
             The game lasted 00:01:56 (1379 turns).

vishdafish the Skirmisher (Demonspawn Fighter)      Turns: 1379, Time: 00:01:57

Health: -2/36      AC:  6    Str: 18    XL:     4   Next: 56%
Magic:  4/4        EV:  7    Int:  9    God:
Gold:   104        SH:  9    Dex: 17    Spells: 3/3 levels left

rFire    . . .     SeeInvis .   a - +0 war axe
rCold    . . .     Gourm    .   c - +0 shield
rNeg     . . .     Faith    .   b - +0 scale mail
rPois    .         Spirit   .   (no helmet)
rElec    .         Reflect  .   (no cloak)
rCorr    .         Harm     .   (no gloves)
MR       .....                  (no boots)
Stlth    ..........             e - amulet of rage
Regen    0.2/turn               i - +5 ring of dexterity
MPRegen  0.1/turn               (no ring)

@: no status effects
A: claws 1
a: Evoke Berserk Rage


You were on level 2 of the Dungeon.
You were not hungry.

You visited 1 branch of the dungeon, and saw 2 of its levels.

You collected 104 gold pieces.

Inventory:

Hand Weapons
 a - a +0 war axe (weapon)
Armour
 b - a +0 scale mail (worn)
 c - a +0 shield (worn)
Jewellery
 e - an amulet of rage (around neck)
 i - a +5 ring of dexterity (left claw)
Wands
 p - a wand of acid (8/15)
Scrolls
 g - a scroll of amnesia {unknown}
 j - 2 scrolls of fog {unknown}
 m - a scroll of remove curse {unknown}
 n - a scroll of random uselessness {unknown}
 q - a scroll of enchant weapon {unknown}
 r - a scroll of enchant armour {unknown}
 s - a scroll of teleportation {unknown}
 t - a scroll of fear {unknown}
Potions
 d - 2 potions of might
 h - 3 potions of brilliance {unknown}
 l - a potion of agility {unknown}
Comestibles
 f - 4 bread rations
 k - 4 fruits


   Skills:
 + Level 3.6 Fighting
 * Level 3.3 Axes
 + Level 3.2 Armour
 - Level 2.9 Shields


You had 3 spell levels left.
You didn't know any spells.

Dungeon Overview and Level Annotations

Branches:
Dungeon (2/15)

Altars:
Cheibriados
Qazlal
Xom


Innate Abilities, Weirdness & Mutations

You have sharp fingernails.


Message History

The gnoll hits you.
* * * LOW HITPOINT WARNING * * *
You block the gnoll's attack.
You hit the gnoll but do no damage.
The gnoll is almost dead.
You block the gnoll's attack.
Your shield prevents you from hitting the gnoll.
The gnoll is almost dead.
The gnoll hits you.
* * * LOW HITPOINT WARNING * * *
You block the gnoll's attack.
You closely miss the gnoll.
The gnoll is almost dead.
The gnoll closely misses you.
You completely miss the gnoll.
The gnoll is almost dead.
The gnoll hits you.
* * * LOW HITPOINT WARNING * * *
The gnoll hits you.
You die...

######.#..#.#
#.#.......# #.##.#.#
#.##.#.##.####
#....#.#
#..(...##.#..#
###....#
####...##.#..# #.####
##..##.#..# #.#
#######..##.#..# #.#
#....###(##.#..######
#.# #.##.#
#>##.#...†...#
#.####.##@#
####.##.####.#
#......##g# #....#
#.# #########.#
###########.. #..
............. ###
############# # # # #


You could see a gnoll.

Vanquished Creatures
  3 adders (D:2)
  2 gnolls (D:2)
  2 worms (D:2)
  3 dart slugs
  A leopard gecko (D:1)
  5 goblins
  7 hobgoblins
  5 jackals (D:1)
  A quokka (D:2)
  6 bats
  3 frilled lizards
  7 kobolds
  4 rats (D:1)
49 creatures vanquished.

Notes
Turn   | Place    | Note
-------+----------+-------------------------------------------
     0 | D:1      | vishdafish the Demonspawn Fighter began the quest for the Orb.
     0 | D:1      | Reached XP level 1. HP: 18/18 MP: 1/1
   111 | D:1      | Gained mutation: You have sharp fingernails. [demonic ancestry]
   111 | D:1      | Reached XP level 2. HP: 21/24 MP: 2/2
   320 | D:1      | Found a hazy altar of Hepliaklqana.
   325 | D:1      | Found a shimmering altar of Xom.
   325 | D:1      | Found a blossoming altar of Fedhas.
   327 | D:1      | Found a stormy altar of Qazlal.
   327 | D:1      | Found a snail-covered altar of Cheibriados.
   327 | D:1      | Found a shimmering altar of Xom.
   331 | D:1      | Reached XP level 3. HP: 29/29 MP: 3/3
   956 | D:2      | Reached XP level 4. HP: 26/35 MP: 4/4
  1379 | D:2      | Slain by a gnoll

Skill      XL: |  1  2  3 |
---------------+----------+-----
Axes           | 2 3 |  3.3
Armour         | 3 |  3.2
Fighting       | |  3.6
Shields        | |  2.9

Action                   |  1- 3 |  4- 6 || total
-------------------------+-------+-------++-------
Melee: War axe           |    97 |    50 ||   147
  Eat: Meat ration       |       |     1 ||     1
Armor: Scale mail        |    40 |    10 ||    50
Dodge: Dodged            |    33 |    11 ||    44
Block: Shield            |    51 |    30 ||    81
